Map: Simulacrum LE

Players

IIIIIllllIIl (Creator)

  • Race: Protoss Protoss
  • League: Grandmaster
  • Spawn Location: 11:00

Maru - Winner!

  • Race: Terran Terran
  • League: Grandmaster
  • Spawn Location: 5:00

VOD

Have the link to the VOD?

Description

Time

  • Played on: Jan. 6, 2020, 8:57 p.m.
  • Length: 11:21
Show
View Real Time Build Order
Export as new Build Order

IIIIIllllIIl Protoss 

Build Orders: 1 Gate Expand, Phoenix Opening 

Get SALT Encoding   

  12  0:00  Probe  
  13  0:12  Probe  
  14  0:18  Pylon  
  14  0:24  Probe (Chrono Boost)  
  15  0:37  Probe (Chrono Boost), Gateway  
  16  0:45  Probe (Chrono Boost)  
  16  0:47  Assimilator  
  17  0:51  Probe  
  18  1:03  Probe  
  19  1:15  Probe  
  20  1:25  Nexus  
  20  1:35  Cybernetics Core  
  20  1:40  Zealot (Chrono Boost)  
  22  1:48  Pylon  
  22  1:53  Probe  
  23  1:59  Assimilator  
  23  2:06  Probe  
  24  2:09  Adept (Chrono Boost)  
  25  2:18  Probe  
  24  2:30  Probe  
  26  2:37  Probe  
  26  2:38  Stargate  
  26  2:47  Probe, Adept (Chrono Boost)  
  26  2:49  Probe  
  30  2:52  Warp Gate  
  29  2:59  Probe  
  29  3:01  Probe  
  30  3:08  Stalker (Chrono Boost)  
  32  3:15  Probe x2  
  34  3:22  Phoenix  
  36  3:35  Probe x2 (Chrono Boost)  
  38  3:47  Probe x2 (Chrono Boost), Phoenix  
  43  3:56  Probe x2 (Chrono Boost), Pylon  
  43  4:01  Probe x2  
  43  4:04  Robotics Facility  
  45  4:14  Probe (Chrono Boost)  
  45  4:16  Pylon  
  47  4:19  Probe (Chrono Boost)  
  47  4:23  Probe (Chrono Boost)  
  48  4:26  Phoenix  
  48  4:27  Probe (Chrono Boost)  
  48  4:28  Probe (Chrono Boost)  
  50  4:37  Probe  
  51  4:38  Gateway x2  
  51  4:48  Probe  
  51  4:50  Probe  
  51  4:51  Phoenix  
  55  4:54  Immortal (Chrono Boost)  
  59  5:04  Pylon  
  59  5:06  Stalker  
  61  5:18  Nexus  
  61  5:23  Assimilator  
  61  5:25  Assimilator  
  61  5:26  Probe x2  
  63  5:35  Robotics Bay  
  63  5:36  Forge  
  63  5:40  Probe x2  
  65  5:44  Observer  
  65  5:48  Pylon  
  66  5:50  Pylon  
  66  5:52  Probe x2  
  66  5:53  Pylon  
  68  5:57  Phoenix  
  70  6:05  Pylon  
  70  6:06  Probe x2  
  70  6:08  Warp Prism (Chrono Boost)  
  74  6:14  Protoss Ground Armor Level 1 (Chrono Boost)  
  74  6:20  Probe x2  
  76  6:32  Probe (Chrono Boost), Colossus (Chrono Boost)  
  79  6:38  Probe x2 (Chrono Boost)  
  85  6:42  Probe (Chrono Boost)  
  85  6:45  Probe (Chrono Boost)  
  87  6:47  Extended Thermal Lance  
  87  6:49  Probe  
  87  6:50  Sentry  
  87  6:53  Shield Battery  
  90  6:55  Shield Battery  
  90  6:56  Probe x2  
  92  7:01  Probe  
  92  7:08  Probe x2, Colossus (Chrono Boost)  
  94  7:12  Gateway  
  94  7:14  Probe, Gateway x2  
  102  7:21  Assimilator  
  102  7:22  Assimilator  
  102  7:23  Zealot  
  102  7:24  Zealot x2  
  108  7:30  Twilight Council  
  108  7:32  Probe x3  
  111  7:40  Forge  
  111  7:47  Pylon  
  111  7:50  Probe  
  112  7:52  Pylon  
  112  7:54  Disruptor, Robotics Facility  
  115  8:06  Blink (Chrono Boost)  
  115  8:09  Gateway x2  
  115  8:10  Pylon  
  115  8:16  Protoss Ground Weapons Level 1 (Chrono Boost)  
  114  8:20  Protoss Ground Armor Level 2 (Chrono Boost)  
  114  8:25  Stalker, Sentry  
  118  8:27  Probe x3  
  118  8:28  Pylon, Nexus  
  124  8:37  Pylon, Disruptor (Chrono Boost)  
  124  8:38  Disruptor (Chrono Boost)  
  127  8:44  Probe x3  
  127  8:47  Stalker x3  
  136  8:56  Stalker x2  
  136  8:59  Shield Battery  
  136  9:02  Shield Battery  
  140  9:03  Probe x3  
  147  9:10  Immortal (Chrono Boost)  
  147  9:13  Templar Archives  
  147  9:16  Zealot x2  
  151  9:22  Stalker x2  
  151  9:24  Zealot  
  155  9:26  Zealot  
  155  9:37  Stalker x4  
  143  9:53  High Templar x2  
  143  9:54  Zealot x2  
  143  9:57  Immortal (Chrono Boost)  
  143  9:59  Archon  
  153  10:02  Pylon  
  153  10:03  Pylon x2  
  153  10:04  Pylon  
  149  10:22  Immortal (Chrono Boost)  
  149  10:24  Zealot, High Templar x2, Nexus  
  149  10:28  Archon  
  159  10:39  Stalker x4  
  167  10:47  Zealot x2, Immortal (Chrono Boost)  
  109  11:05  Zealot x5  
  109  11:06  Zealot  
  109  11:09  High Templar x2  
Show
View Real Time Build Order
Export as new Build Order

Maru Terran - Winner!

Build Orders: Mech 

Get SALT Encoding   

  12  0:00  SCV  
  13  0:12  SCV  
  14  0:17  Supply Depot  
  14  0:25  SCV  
  15  0:38  SCV  
  15  0:40  Barracks  
  16  0:46  Refinery  
  16  0:50  SCV  
  17  0:57  Refinery  
  17  1:03  SCV  
  18  1:15  SCV  
  19  1:26  Reaper  
  19  1:27  Orbital Command  
  20  1:33  Supply Depot  
  20  1:43  Factory  
  20  1:53  SCV  
  21  1:58  Reaper  
  22  2:05  SCV  
  22  2:17  SCV  
  23  2:29  SCV  
  24  2:31  Hellion, Reaper  
  24  2:35  Supply Depot  
  27  2:41  SCV  
  28  2:49  Command Center  
  28  2:52  Factory Tech Lab  
  28  2:54  SCV  
  29  3:06  SCV  
  29  3:10  Starport  
  30  3:14  Cyclone  
  30  3:19  SCV  
  34  3:32  SCV  
  33  3:44  SCV  
  33  3:46  Cyclone  
  37  3:49  Viking  
  36  3:56  SCV  
  36  4:00  Orbital Command  
  37  4:08  SCV  
  38  4:10  Command Center  
  38  4:18  Cyclone  
  38  4:19  Starport Tech Lab  
  38  4:20  SCV  
  42  4:26  SCV  
  42  4:30  Marine  
  44  4:34  Bunker  
  44  4:38  SCV  
  44  4:39  Refinery, SCV  
  44  4:42  Raven  
  48  4:48  Barracks Reactor  
  48  4:51  SCV x2  
  50  4:53  Refinery  
  50  4:54  Supply Depot  
  50  5:03  SCV x2  
  52  5:16  Siege Tank  
  52  5:17  SCV x2  
  52  5:19  Supply Depot  
  57  5:22  Orbital Command  
  57  5:25  Marine x2  
  59  5:30  SCV  
  59  5:31  SCV, Factory  
  59  5:33  Factory  
  61  5:42  SCV, Engineering Bay  
  62  5:43  SCV  
  62  5:46  Marine x2  
  65  5:50  SCV  
  65  5:52  Siege Tank  
  65  5:54  SCV, Supply Depot  
  70  5:59  SCV  
  70  6:02  SCV  
  70  6:04  Marine x2  
  73  6:07  Missile Turret  
  73  6:08  Missile Turret  
  74  6:16  Siege Tank  
  74  6:18  Viking  
  79  6:29  Cyclone, Hellion x2  
  79  6:31  Armory  
  79  6:32  SCV x2  
  88  6:36  Armory  
  87  6:44  Missile Turret, SCV x2  
  87  6:46  Supply Depot  
  89  6:49  Marine  
  89  6:50  Orbital Command  
  90  6:55  Factory  
  90  6:56  Factory  
  90  7:01  Siege Tank  
  90  7:06  Supply Depot  
  90  7:07  Marine  
  90  7:08  Hellion x2, SCV x2  
  100  7:17  Supply Depot  
  100  7:18  Supply Depot  
  100  7:20  SCV  
  100  7:22  Missile Turret  
  101  7:24  Terran Vehicle Weapons Level 1, Terran Vehicle And Ship Armor Level 1  
  101  7:28  SCV x2  
  103  7:32  SCV  
  103  7:33  Supply Depot  
  104  7:39  Factory Tech Lab  
  104  7:40  Factory Reactor  
  104  7:41  Siege Tank  
  107  7:44  Siege Tank  
  107  7:46  SCV x3  
  113  7:55  Supply Depot  
  113  7:57  Refinery x2  
  113  7:58  SCV x2  
  115  7:59  SCV  
  115  8:02  Siege Tank  
  119  8:10  SCV x2  
  119  8:11  Hellion x2, SCV  
  119  8:12  Viking  
  127  8:22  Missile Turret, SCV, Supply Depot  
  127  8:23  Siege Tank  
  127  8:24  Missile Turret, Siege Tank  
  133  8:28  SCV x2  
  133  8:34  Command Center  
  135  8:35  Infernal Pre-Igniter  
  135  8:41  Hellion x3  
  141  8:43  Hellion  
  143  8:50  Siege Tank  
  143  8:51  Supply Depot  
  146  8:59  Drilling Claws, Mag-Field Accelerator  
  146  9:02  Siege Tank  
  149  9:05  Supply Depot  
  149  9:12  Missile Turret  
  149  9:13  Hellion x2  
  149  9:14  Hellion  
  155  9:22  SCV x2, Supply Depot  
  157  9:24  Supply Depot  
  157  9:26  SCV, Siege Tank  
  161  9:34  Cyclone, Hellion x2, SCV, Siege Tank  
  162  9:48  Hellion  
  162  9:52  SCV x2  
  165  9:58  Cyclone  
  168  10:00  SCV  
  168  10:04  SCV x2  
  168  10:06  Cyclone  
  172  10:10  Hellion, Siege Tank  
  166  10:18  Orbital Command  
  166  10:19  SCV  
  166  10:20  Refinery  
  167  10:21  Refinery  
  167  10:23  Hellion x3  
  173  10:30  Siege Tank  
  176  10:38  Siege Tank, Factory  
  176  10:42  Siege Tank  
  180  10:52  Factory  
  180  10:53  Command Center, Factory x2  
  176  10:59  Hellion  
Tags
 
Add a new tag
Caveats
  • Supply blocks, unpowered buildings, or Contaminate may cause inaccurate times.
  • Supply counts are checked every 10 seconds.